 Dungeon Crawl Stone Soup version 0.24-a0-584-g9d6b971ae4 (webtiles) character file.

Game seed: 8241972180357217173, levelgen mode: deterministic

93331 GordonOverkill the Severer (level 16, -41/211 HPs)
             Began as a Barachi Fire Elementalist on Sept 2, 2019.
             Was the Champion of Wu Jian.
             Annihilated by a white very ugly thing (44 damage)
             ... on level 14 of the Dungeon.
             The game lasted 01:00:17 (28105 turns).

GordonOverkill the Severer (BaFE)                  Turns: 28105, Time: 01:00:18

Health: -41/211    AC: 21    Str: 21    XL:     16   Next: 8%
Magic:  0/21       EV: 12    Int: 20    God:    Wu Jian [******]
Gold:   683        SH:  0    Dex: 12    Spells: 13/21 levels left

rFire    + . .     SeeInvis +   Y - +0 battleaxe (flame)
rCold    . . .     Gourm    .   (shield currently unavailable)
rNeg     . . .     Faith    .   V - +2 chain mail {rF+}
rPois    .         Spirit   +   l - +2 hat {SInv}
rElec    .         Reflect  .   A - scarf {Spirit}
rCorr    .         Harm     .   h - +2 pair of gloves
MR       +....                  k - +0 pair of boots
Stlth    ..........             s - amulet of rage
HPRegen  0.45/turn              j - +3 ring of slaying
MPRegen  0.17/turn              m - +3 ring of strength

@: berserking, quick
A: +LOS, swims, slowness 1, strong legs 2
a: Hop, Wall Jump, Serpent's Lash, Heavenly Storm, Renounce Religion, Evoke
Berserk Rage


You were on level 14 of the Dungeon.
You worshipped Wu Jian.
Wu Jian was exalted by your worship.
You were not hungry.

You visited 2 branches of the dungeon, and saw 20 of its levels.
You also visited: Volcano.

You collected 1232 gold pieces.
You spent 549 gold pieces at shops.

Inventory:

Hand Weapons
 S - a +0 broad axe
 Y - a +0 battleaxe of flaming (weapon)
Missiles
 a - 12 boomerangs (quivered)
 x - 3 throwing nets
Armour
 h - a +2 pair of gloves (worn)
 k - a +0 pair of boots (worn)
 l - a +2 hat of see invisible (worn)
 A - a scarf of spirit shield (worn)
 B - a scarf of cloud immunity
 L - a +0 large shield
 V - a +2 chain mail of fire resistance (worn)
 X - a +2 plate armour of fire resistance
Jewellery
 j - a +3 ring of slaying (left hand)
 m - a +3 ring of strength (right hand)
 s - an amulet of rage (around neck)
 M - the ring "Mannuj" {rCorr Int+5}
   (You found it on level 7 of the Dungeon)

   [ring of resist corrosion]

   It affects your intelligence (+5).
   It provides partial protection from all sources of acid and corrosion.
 W - an uncursed ring of protection from fire
 Z - a cursed ring of teleportation {unknown}
Wands
 g - a wand of disintegration (6)
 E - a wand of polymorph (11)
 H - a wand of enslavement (7)
 J - a wand of paralysis (16)
 N - a wand of acid (7)
 T - a wand of clouds (1)
Scrolls
 f - a scroll of fog
 i - 8 scrolls of enchant weapon
 o - a scroll of summoning
 p - 6 scrolls of amnesia
 q - 12 scrolls of remove curse
 r - 2 scrolls of holy word
 G - 15 scrolls of teleportation
 K - 4 scrolls of fear
 O - 2 scrolls of magic mapping
 Q - 2 scrolls of enchant armour
 R - 2 scrolls of blinking
Potions
 d - 2 potions of resistance
 e - 3 potions of magic
 n - a potion of ambrosia
 t - 7 potions of lignification
 u - 2 potions of invisibility
 v - a potion of might
 w - 2 potions of brilliance
 z - 9 potions of heal wounds
 C - 2 potions of flight
 D - 4 potions of haste
 F - 5 potions of agility
 I - 3 potions of berserk rage
 P - 4 potions of curing
 U - a potion of mutation
Miscellaneous
 b - a lightning rod (4/4)
 y - a phantom mirror
Comestibles
 c - 38 rations


   Skills:
 + Level 17.0 Fighting
 - Level 20.0 Axes
 - Level 13.0 Armour
 - Level 8.0 Dodging
 - Level 3.0 Stealth
 - Level 5.0 Shields
 - Level 3.0 Spellcasting
 - Level 3.0 Conjurations
 - Level 4.0 Fire Magic
 - Level 7.0 Evocations


You had 13 spell levels left.
You knew the following spells:

 Your Spells              Type           Power        Failure   Level  Hunger
a - Flame Tongue          Conj/Fire      ###..        19%         1    None
b - Conjure Flame         Conj/Fire      ###.....     50%         3    ###....
c - Sticky Flame          Conj/Fire      ###.....     88%         4    ####...

Your spell library contained the following spells:

 Spells                   Type           Power        Failure   Level  Hunger
 Magic Dart               Conj           ###.         22%         1    None
 Throw Flame              Conj/Fire      ###...       28%         2    ##.....
 Searing Ray              Conj           ###...       34%         2    ##.....
 Shock                    Conj/Air       #...         38%         1    None
 Throw Frost              Conj/Ice       #.....       54%         2    ##.....
 Animate Skeleton         Necr           N/A          61%         1    None
 Corona                   Hex            #......      61%         1    None
 Freeze                   Ice            #...         61%         1    None
 Pain                     Necr           #...         61%         1    None
 Summon Small Mammal      Summ           #...         61%         1    None
 Inner Flame              Hex/Fire       ##......     71%         3    ###....
 Blink                    Tloc           N/A          75%         2    ##.....
 Call Imp                 Summ           #.......     75%         2    ##.....
 Slow                     Hex            #.......     75%         2    ##.....
 Swiftness                Chrm/Air       #.......     75%         2    ##.....
 Dazzling Spray           Conj/Hex       #.....       77%         3    ###....
 Static Discharge         Conj/Air       #.......     77%         3    ###....
 Mephitic Cloud           Conj/Pois/Air  #.......     83%         3    ###....
 Iskenderun's Mystic Bla  Conj           ###.....     92%         4    ####...
 Call Canine Familiar     Summ           #.......     93%         3    ###....
 Ozocubu's Armour         Chrm/Ice       #.......     93%         3    ###....
 Portal Projectile        Hex/Tloc       #.....       93%         3    ###....
 Regeneration             Chrm/Necr      #.........   93%         3    ###....
 Summon Guardian Golem    Hex/Summ       #.......     93%         3    ###....
 Vampiric Draining        Necr           #.........   93%         3    ###....
 Force Lance              Conj/Tloc      #.......     99%         4    ####...
 Fulminant Prism          Conj/Hex       #.........   99%         4    ####...
 Throw Icicle             Conj/Ice       #.......     99%         4    ####...
 Fireball                 Conj/Fire      ###.......   99%         5    ######.
 Airstrike                Air            #.........   100%        4    ####...
 Animate Dead             Necr           N/A          100%        4    ####...
 Cause Fear               Hex            #.........   100%        4    ####...
 Leda's Liquefaction      Hex/Erth       #.........   100%        4    ####...
 Summon Ice Beast         Ice/Summ       #.......     100%        4    ####...
 Summon Lightning Spire   Summ/Air       #.......     100%        4    ####...
 Lightning Bolt           Conj/Air       #.........   100%        5    ######.


Dungeon Overview and Level Annotations

Branches:
Dungeon (14/15)            Temple (0/1) D:5            Lair (6/6) D:10
  Swamp (0/4) Lair:2       Spider (0/4) Lair:3        Slime (0/5) Lair:6
    Orc (0/2) D:11         Vaults (0/5) D:14        Volcano (visited)

Altars:
Ashenzari
Gozag
Makhleb
Qazlal
Sif Muna
Trog
Uskayaw
Wu Jian
Xom
Yredelemnul
The Shining One

Shops:
D:4 (   D:7 [   D:9 *   D:13 !

Annotations:
Lair:1 exclusion: 4 oklob plants


Innate Abilities, Weirdness & Mutations

Shadows flee at your approach. (+LOS)
You can swim through water.
You cover ground slowly.
You can hop long distances.


Message History

The white very ugly thing is heavily wounded.
You slice the white very ugly thing!! You burn the white very ugly thing.
The white very ugly thing is almost dead.
The white very ugly thing closely misses you.
You slash the white very ugly thing! You burn the white very ugly thing.
The white very ugly thing is almost dead.
You completely miss the white very ugly thing.
The white very ugly thing is almost dead.
The white very ugly thing gores you.
* * * LOW HITPOINT WARNING * * *
The white very ugly thing freezes you!!
* * * LOW HITPOINT WARNING * * *
You closely miss the white very ugly thing.
The white very ugly thing is almost dead.
You closely miss the white very ugly thing.
The white very ugly thing is almost dead.
The white very ugly thing gores you!
* * * LOW HITPOINT WARNING * * *
The white very ugly thing freezes you!!!
You die...

'########............'......##..#
.............###...###.........#.
.#####''#....#.#####.......#.####
.#......#....##.#....#..#.##.# #
.#.....[#....##..######.##.#.####
.#......#....####.###.#.##[##....
.#......#....####.##.##.####..###
.#......#....##u#.###....##.##.#
.#......#....# #@## ####.#####.##
.#'######....# ##.# ##.# ##.#
.............# #.. #.# ###
.............##############
....:.....................#
..........................#
##'##..########...........#
....#..#......#...........#
....#..#......#...........#


You could see a white very ugly thing.

Vanquished Creatures
  A tentacled monstrosity (D:14)
  Rupert (D:14)
  Gastronok (Lair:3)
  Roxanne (D:14)
  3 vault guards (D:14)
  9 hydras
  A death knight (D:14)
  A catoblepas (Lair:6)
  6 two-headed ogres
  A centaur warrior (D:14)
  2 tengu warriors (D:13)
  A deep troll shaman (Lair:6)
  10 death yaks
  A hell knight (Volcano)
  Sonja (Lair:3)
  A sun demon (Volcano)
  4 unseen horrors (D:12)
  A skeletal warrior (D:12)
  The ghost of TheNamelessOne the Poker, a novice OpWn (D:7)
  2 slime creatures (D:13)
  3 wizards (D:14)
  An obsidian statue (Volcano)
  A lindwurm (Lair:1)
  3 deep elf magi
  Pikel (D:7)
  2 manticores
  4 ugly things
  4 cyclopes
  9 elephants
  A centaur zombie (D:14)
  2 black mambas (Lair:3)
  2 gargoyles (D:12)
  6 komodo dragons
  3 rime drakes
  12 spiny frogs
  An efreet (D:14)
  A queen bee (D:8)
  4 trolls
  3 polar bears
  8 hippogriffs
  Prince Ribbit (D:7)
  5 dream sheep (Lair:6)
  24 blink frogs
  A shadow (D:14)
  5 wraiths
  A vampire (D:14)
  46 yaks
  A basilisk (D:12)
  6 fire bats (Volcano)
  5 small abominations (D:14)
  3 wyverns
  Grum (D:10)
  17 humans (D:14)
  A chaos spawn (D:14)
  3 hungry ghosts
  2 large abominations (D:14)
  An acid dragon (D:12)
  30 water moccasins
  4 orc warriors
  5 ice beasts
  12 porcupines
  3 sky beasts
  2 slaves (D:7)
  An ogre (D:9)
  A black bear (D:11)
  A necrophage (D:6)
  2 phantoms
  19 centaurs
  27 wolves
  A centaur (shapeshifter) (D:12)
  16 crocodiles
  24 bullfrogs
  4 big kobolds
  6 gnoll sergeants
  2 wyvern zombies (D:10)
  A water moccasin zombie (D:8)
  5 scorpions
  A water moccasin skeleton (D:7)
  14 killer bees
  4 wights
  2 howler monkeys (D:6)
  4 electric eels
  10 crimson imps
  4 lava snakes (Volcano)
  6 centaur skeletons
  6 orc priests
  2 gnoll shamans
  5 hounds
  8 jellies
  24 orc wizards
  4 bullfrog skeletons
  6 iguanas
  11 worker ants
  A hound zombie (D:2)
  A hound skeleton (D:7)
  34 adders
  25 gnolls
  3 shadow imps
  7 oozes
  2 adder skeletons
  6 worms
  4 dart slugs
  8 leopard geckos
  36 orcs
  8 giant cockroaches
  5 goblins
  7 hobgoblins
  7 jackals
  2 quokkas
  A ball python (D:3)
  13 bats
  7 frilled lizards
  A giant cockroach zombie (D:5)
  21 kobolds
  A leopard gecko zombie (D:8)
  A quokka skeleton (D:4)
  13 rats
  A butterfly (Lair:1)
  4 fungi
  2 plants
  A withered plant (D:8)
742 creatures vanquished.

Vanquished Creatures (others)
  A hippogriff (Lair:6)
  A wyvern (Lair:6)
  A basilisk (Lair:6)
  A water moccasin (Lair:6)
  A bush (D:12)
  10 fungi
  5 plants
20 creatures vanquished.

Grand Total: 762 creatures vanquished

Notes
Turn   | Place    | Note
-------+----------+-------------------------------------------
     0 | D:1      | GordonOverkill the Barachi Fire Elementalist began the
                  | quest for the Orb.
     0 | D:1      | Reached XP level 1. HP: 13/13 MP: 3/3
   134 | D:1      | Reached XP level 2. HP: 20/20 MP: 1/5
   643 | D:1      | Reached XP level 3. HP: 25/25 MP: 3/6
   812 | D:1      | Reached skill level 1 in Fighting
  1378 | D:2      | Reached XP level 4. HP: 32/32 MP: 2/7
  1452 | D:2      | Found a faded altar of an unknown god.
  1541 | D:2      | Became a worshipper of the Wu Jian Council
  1541 | D:2      | Reached * piety under Wu Jian
  2137 | D:2      | Found a bloodstained altar of Trog.
  2411 | D:3      | Learned a level 3 spell: Conjure Flame
  2416 | D:3      | Learned a level 4 spell: Sticky Flame
  2433 | D:3      | Reached XP level 5. HP: 38/38 MP: 9/9
  3049 | D:3      | Reached ** piety under Wu Jian
  3485 | D:3      | Reached skill level 1 in Evocations
  3485 | D:3      | Reached XP level 6. HP: 45/46 MP: 10/10
  3978 | D:4      | Found a stormy altar of Qazlal.
  4177 | D:4      | Reached skill level 1 in Axes
  4451 | D:4      | Found Ruvoti's Weapon Boutique.
  5014 | D:5      | Entered Level 5 of the Dungeon
  5093 | D:5      | Found a staircase to the Ecumenical Temple.
  5104 | D:5      | Reached XP level 7. HP: 37/52 MP: 11/11
  5110 | D:5      | Reached skill level 2 in Axes
  5439 | D:5      | Found a burning altar of Makhleb.
  5764 | D:5      | Reached *** piety under Wu Jian
  5786 | D:5      | Reached skill level 3 in Axes
  6112 | D:6      | Reached skill level 1 in Armour
  6112 | D:6      | Reached XP level 8. HP: 23/61 MP: 12/12
  6401 | D:6      | Reached skill level 4 in Axes
  6603 | D:6      | Reached skill level 5 in Fighting
  6606 | D:6      | Reached skill level 5 in Axes
  6608 | D:6      | Noticed a +0 hand axe
  6893 | D:6      | Found an opulent altar of Gozag.
  6915 | D:6      | Found a shimmering altar of Xom.
  6930 | D:6      | Reached skill level 6 in Axes
  7071 | D:6      | Reached skill level 7 in Axes
  7071 | D:6      | Reached XP level 9. HP: 54/66 MP: 13/13
  7348 | D:6      | Reached skill level 8 in Axes
  7400 | D:6      | Noticed a +0 dagger
  7402 | D:6      | Found a hide-covered altar of Uskayaw.
  7673 | D:7      | Found a glowing golden altar of the Shining One.
  7675 | D:7      | Noticed TheNamelessOne's ghost (novice OpWn)
  7688 | D:7      | Found a transporter.
  7718 | D:7      | Found a transporter.
  7760 | D:7      | Reached **** piety under Wu Jian
  7762 | D:7      | Reached skill level 9 in Axes
  7784 | D:7      | Killed TheNamelessOne's ghost
  7784 | D:7      | Reached skill level 10 in Axes
  7795 | D:7      | Noticed Pikel
  8003 | D:7      | Killed Pikel
  8003 | D:7      | Reached skill level 11 in Axes
  8003 | D:7      | Reached XP level 10. HP: 74/74 MP: 14/14
  8556 | D:7      | Found a shattered altar of Ashenzari.
  8564 | D:7      | Noticed Prince Ribbit
  8570 | D:7      | Killed Prince Ribbit
  8570 | D:7      | Reached skill level 12 in Axes
  8721 | D:7      | Found Farchog's Antique Armour Shop.
  8724 | D:7      | Bought a shiny ring mail for 210 gold pieces
  9012 | D:7      | Got a pitted tin ring
  9161 | D:8      | Reached skill level 1 in Shields
  9166 | D:8      | Reached ***** piety under Wu Jian
  9215 | D:8      | Identified the ring "Mannuj" {rCorr Int+5} (You found it on
                  | level 7 of the Dungeon)
  9278 | D:8      | Found a basalt altar of Yredelemnul.
  9647 | D:8      | Reached skill level 13 in Axes
  9771 | D:8      | Noticed a two-headed ogre
  9780 | D:8      | Killed a two-headed ogre
  9935 | D:8      | Found a shimmering blue altar of Sif Muna.
  9951 | D:8      | Identified Sif Muna's Disquisition on Conjuration
 10040 | D:9      | Reached skill level 14 in Axes
 10040 | D:9      | Reached XP level 11. HP: 72/81 MP: 13/15
 10063 | D:9      | Found the +5 scythe "Finisher" {speed, eviscerate}
 10076 | D:9      | Reached skill level 5 in Shields
 10152 | D:9      | Found Hyjuemn's General Store.
 10156 | D:9      | Bought a potion of heal wounds for 85 gold pieces
 10156 | D:9      | Bought a scroll of identify for 34 gold pieces
 10525 | D:9      | Found an ornate altar of the Wu Jian Council.
 10588 | D:9      | Noticed a two-headed ogre
 10597 | D:9      | Killed a two-headed ogre
 10597 | D:9      | Reached skill level 5 in Armour
 10870 | D:10     | Entered Level 10 of the Dungeon
 10909 | D:10     | Noticed a two-headed ogre
 10922 | D:10     | Killed a two-headed ogre
 10922 | D:10     | Reached skill level 15 in Axes
 11298 | D:10     | Noticed Grum
 11307 | D:10     | Reached skill level 16 in Axes
 11313 | D:10     | Killed Grum
 11744 | D:10     | Reached ****** piety under Wu Jian
 11818 | D:10     | Reached skill level 17 in Axes
 12242 | D:10     | Found a staircase to the Lair.
 12385 | D:11     | Noticed a two-headed ogre
 12390 | D:11     | Noticed a two-headed ogre
 12400 | D:11     | Killed a two-headed ogre
 12400 | D:11     | Reached XP level 12. HP: 88/92 MP: 10/16
 12406 | D:11     | Killed a two-headed ogre
 12751 | D:11     | Found a staircase to the Orcish Mines.
 13058 | D:12     | Found a runed translucent door.
 13097 | D:12     | Reached skill level 18 in Axes
 13129 | D:12     | Found a runed translucent door.
 14212 | D:12     | Reached skill level 10 in Fighting
 14568 | D:13     | Found Qog Peaw's Distillery.
 14578 | D:13     | Bought a potion of resistance for 110 gold pieces
 14578 | D:13     | Bought a potion of heal wounds for 55 gold pieces
 14578 | D:13     | Bought a potion of heal wounds for 55 gold pieces
 14620 | D:13     | Gained mutation: You can hop long distances. [Barachi
                  | growth]
 14620 | D:13     | Reached XP level 13. HP: 91/105 MP: 14/17
 14710 | D:13     | Reached skill level 10 in Armour
 15881 | Lair:1   | Entered Level 1 of the Lair of Beasts
 15972 | Lair:1   | Found a dark tunnel.
 16012 | Volcano  | Entered a volcano
 16311 | Volcano  | Reached skill level 5 in Evocations
 16317 | Volcano  | Reached skill level 5 in Dodging
 16319 | Volcano  | Found a radiant altar of Vehumet.
 17926 | Lair:2   | Found a staircase to the Swamp.
 18449 | Lair:3   | Noticed Sonja
 18452 | Lair:3   | Killed Sonja
 18503 | Lair:3   | Reached XP level 14. HP: 56/118 MP: 11/19
 18944 | Lair:3   | Found a hole to the Spider Nest.
 19673 | Lair:3   | Noticed Gastronok
 19707 | Lair:3   | Killed Gastronok
 20004 | Lair:3   | Reached skill level 15 in Fighting
 21790 | Lair:5   | Reached skill level 19 in Axes
 23003 | Lair:6   | Entered Level 6 of the Lair of Beasts
 23250 | Lair:5   | Reached XP level 15. HP: 102/129 MP: 16/20
 23923 | Lair:6   | Reached skill level 20 in Axes
 25284 | Lair:6   | Found a staircase to the Slime Pits.
 25915 | D:14     | Noticed Roxanne
 25936 | D:14     | Killed Roxanne
 26315 | D:14     | Found a runed translucent door.
 26629 | D:14     | Noticed Rupert
 26650 | D:14     | Killed Rupert
 26980 | D:14     | Paralysed by a wizard for 6 turns
 27167 | D:14     | Found a gate to the Vaults.
 27806 | D:14     | Noticed a tentacled monstrosity
 27818 | D:14     | Killed a tentacled monstrosity
 27818 | D:14     | Reached XP level 16. HP: 140/140 MP: 18/21
 28105 | D:14     | HP: 3/211 [white very ugly thing (14)]
 28105 | D:14     | Annihilated by a white very ugly thing

Levels and vault maps discovered:
D:1:      lemuel_arrival_behind_the_door_large, layout_loops_ring
D:2:      layout_loops_ring, lightli_temple_of_fire,
          chequers_ecumenical_altar_simple, st_stairs_1,
          chequers_serial_rivers_micro_d
D:3:      layout_basic, first_ration, minmay_pentangle
D:4:      layout_gridville, serial_shops, nicolae_shop_trees,
          grunt_qazlal_clouds
D:5:      layout_loops_ring, minmay_temple_entry_large_hall,
          makhleb_blood_cavern_becter
D:6:      minmay_flawed_box, layout_basic, old_standard_altar,
          dancing_weapons_uskayaw, overflow_temple_1_default
D:7:      minmay_inner_zag, layout_basic, lemuel_crystal_altar, serial_shops,
          kennysheep_mini, basic_altar, gammafunk_ghost_gnarly_gnolls,
          uniq_pikel, uniq_prince_ribbit1
D:8:      layout_cave_pools, led_sif_book, david_nohive_1,
          yredelemnul_altar_generic
D:9:      layout_roguey, nicolae_overflow_hidden_temple, serial_shops,
          shop_fountains, minmay_statues_item,
          eino_small_chamber_without_monster, minmay_guarded_unrand_finisher
D:10:     lemuel_reptile_caves, layout_rooms, lair_entry_dummy, uniq_grum
D:11:     layout_loops_ring, orc_0_dummy
D:12:     cheibrodos_histonic, layout_long_grid, serial_glass, glass_columns_a,
          glass_columns_b, glass_columns_b, glass_columns_c, glass_columns_a,
          glass_columns_a, glass_columns_b, glass_columns_a,
          kb_lookout_dungeons_type
D:13:     layout_basic, serial_shops, shop, minmay_tree_intersection
D:14:     cheibrodos_body_horror, layout_irregular_city,
          grunt_vaults_entry_tiered, uniq_rupert, uniq_roxanne
Lair:1:   layout_regular_city, nicolae_volcano_entry_vermiform,
          lemuel_fruit_fields, minmay_lair_oklob_chamber, serial_bayou_shore_b
Lair:2:   layout_gridlike, swamp_mist, lemuel_fruit_fields, grunt_megastairs_4
Lair:3:   layout_long_grid, dummy_spider_entry, uniq_sonja, uniq_gastronok
Lair:4:   layout_roguey
Lair:5:   layout_cave_pods, bh_autumn_forest_stairs,
          chequers_serial_rivers_room_a, serial_bayou_ford_a, minivault_23
Lair:6:   grunt_lair_end_beastmaster, layout_big_grid,
          nicolae_slime_entry_slimehenge, grunt_megastairs_5

Skill      XL: |  1  2  3  4  5  6  7  8  9 10 11 12 13 14 15 16 |
---------------+-------------------------------------------------+-----
Stealth        | 2 3 |  3.0
Fighting       | 1 2 3 4 5 6 8 10 13 15 16 17 | 17.0
Conjurations   | 2 3 |  3.0
Fire Magic     | 4 |  4.0
Dodging        | 3 4 7 8 |  8.0
Spellcasting   | 3 |  3.0
Evocations     | 1 2 4 7 |  7.0
Axes           | 1 3 7 11 14 17 18 19 20 | 20.0
Armour         | 1 4 6 9 10 13 | 13.0
Shields        | 4 5 |  5.0

Action                   |  1- 3 |  4- 6 |  7- 9 | 10-12 | 13-15 | 16-18 || total
-------------------------+-------+-------+-------+-------+-------+-------++-------
Melee: Unarmed           |     8 |       |       |       |       |       ||     8
       Short sword       |     9 |     4 |       |       |       |       ||    13
       Trident           |       |    22 |       |       |       |       ||    22
       Hand axe          |       |    60 |   257 |   867 |   347 |       ||  1531
       Battleaxe         |       |       |       |       |   810 |    33 ||   843
Throw: Stone             |    23 |    14 |       |       |       |       ||    37
       Boomerang         |       |     2 |       |     3 |     2 |       ||     7
 Cast: Flame Tongue      |    65 |    99 |       |     1 |       |       ||   165
       Conjure Flame     |       |     1 |       |       |       |       ||     1
Invok: Lunge             |       |     4 |    17 |    50 |    57 |       ||   128
       Whirlwind         |       |       |     2 |    13 |    15 |       ||    30
 Abil: Evoke Berserk Rag |       |     1 |     4 |     8 |    13 |     1 ||    27
       Wall Jump         |       |       |     1 |       |       |       ||     1
       Hop               |       |       |     1 |     1 |     6 |       ||     8
Evoke: Wand              |       |       |       |       |     6 |       ||     6
  Use: Scroll            |       |     5 |     3 |    12 |     8 |       ||    28
       Potion            |       |       |     4 |       |     2 |       ||     6
 Stab: Sleeping          |       |       |       |     3 |     1 |       ||     4
       Paralysed         |       |       |       |       |    11 |       ||    11
       Petrified         |       |       |       |       |     1 |       ||     1
  Eat: Chunk             |     2 |    14 |    14 |    36 |    42 |       ||   108
       Ration            |       |       |       |       |     4 |     1 ||     5
Armor: Robe              |    24 |    27 |       |       |       |       ||    51
       Scale mail        |       |    17 |   122 |    16 |       |       ||   155
       Ring mail         |       |       |       |   186 |    63 |       ||   249
       Chain mail        |       |       |       |       |   488 |     7 ||   495
Dodge: Dodged            |    37 |    56 |   115 |   290 |   409 |     3 ||   910
Block: Buckler           |       |       |       |   170 |    65 |       ||   235

Table legend:
 A = Non-vault XP
 B = Vault XP
 C = Vault XP percentage of total XP
 D = Non-vault monster count
 E = Vault monster count
 F = Vault count percentage of total count
                 A         B        C        D         E       F
            +---------+---------+-------+---------+---------+-------
      Total |   77341 |   55989 |  42.0 |     504 |     228 |  31.1
            +---------+---------+-------+---------+---------+-------
        D:1 |      62 |       0 |   0.0 |      30 |       0 |   0.0
        D:2 |      85 |       3 |   3.4 |      19 |       1 |   5.0
        D:3 |     133 |      66 |  33.2 |      27 |      13 |  32.5
        D:4 |     152 |       0 |   0.0 |      13 |       0 |   0.0
        D:5 |     459 |      40 |   8.0 |      19 |       1 |   5.0
        D:6 |    1408 |     378 |  21.2 |      22 |      10 |  31.2
        D:7 |     823 |    2560 |  75.7 |      26 |      22 |  45.8
        D:8 |    1741 |    1083 |  38.3 |      28 |      14 |  33.3
        D:9 |    2149 |     852 |  28.4 |      23 |       4 |  14.8
       D:10 |    2330 |    3658 |  61.1 |      35 |      38 |  52.1
       D:11 |    2821 |       0 |   0.0 |      23 |       0 |   0.0
       D:12 |    4254 |    5616 |  56.9 |      16 |      25 |  61.0
       D:13 |    6759 |       0 |   0.0 |      29 |       0 |   0.0
       D:14 |    8492 |   19479 |  69.6 |      25 |      38 |  60.3
     Lair:1 |    4210 |    1160 |  21.6 |      23 |       5 |  17.9
     Lair:2 |    4386 |     693 |  13.6 |      19 |       4 |  17.4
     Lair:3 |   11076 |    3329 |  23.1 |      45 |       2 |   4.3
     Lair:4 |    9491 |       0 |   0.0 |      31 |       0 |   0.0
     Lair:5 |   10490 |    3118 |  22.9 |      34 |      13 |  27.7
     Lair:6 |    6020 |    9398 |  61.0 |      17 |      23 |  57.5
    Volcano |       0 |    4556 | 100.0 |       0 |      15 | 100.0
            +---------+---------+-------+---------+---------+-------
